Bruins vs Oilers

Created - 2 janvier 2018 at 10:54

Goals
1 2 3 OT1 T
Bruins 1 0 1 0 2
Oilers 0 0 2 1 3
Shots
1 2 3 OT1 T
Bruins 9 14 10 0 33
Oilers 6 11 11 1 29

1st period

1. Bruins , Derick Brassard 16 (Zemgus Girgensons 4) at 7:05

Penalties :
No Penalty

2nd period

No Goal

Penalties :
Aaron Ekblad (EDM) for Slashing (Minor) at 6:39, Tom Kuhnhackl (BOS) for Hooking (Minor) at 10:49

3rd period

2. Oilers , Pierre-Alexandre Parenteau 12 (Nico Hischier 6, Justin Abdelkader 10) at 14:12
3. Bruins , Ryan McDonagh 2 (Patrice Bergeron 16, Anthony Mantha 8) at 15:39
4. Oilers , Corey Perry 12 (Connor McDavid 18, Seth Jones 15) at 19:19

Penalties :
Joel Edmundson (BOS) for Hooking (Minor) at 7:27

Overtime #1

5. Oilers , Jordan Eberle 16 (Mikael Backlund 26) at 1:17

Penalties :
No Penalty

Goalie Stats

Cam Talbot (BOS), 26 saves from 29 shots - (0,897), OTL, 21-7-3, 61:17 minutes
Thomas Greiss (EDM), 31 saves from 33 shots - (0,939), W, 17-9-4, 60:58 minutes

Players Stats for Bruins

Player Name              G  A  P  +/- PIM S  H  SB GA TA FO     MP     PP MP  PK MP  
------------------------------------------------------------------------------------
Alex Killorn             0  0  0  -1  0   2  2  1  0  0  0/0    16:09   0:56   0:00 
Alexander Burmistrov     0  0  0   0  0   3  0  0  1  0  0/0    12:08   0:00   0:00 
Anthony Mantha           0  1  1   0  0   2  1  0  1  3  0/0    19:29   1:03   0:55 
Derick Brassard          1  0  1  -1  0   1  1  2  0  0  0/0    11:27   0:00   1:34 
Jakob Chychrun           0  0  0   1  0   1  3  1  0  1  0/0    16:43   0:00   0:54 
Jason Demers             0  0  0   1  0   0  1  1  0  2  0/0    15:19   0:00   0:00 
Jason Pominville         0  0  0  -1  0   1  0  0  0  0  0/0     9:00   0:00   0:00 
Joel Edmundson           0  0  0   0  2   0  4  0  0  0  0/0    19:25   1:02   0:47 
Kyle Okposo              0  0  0   0  0   4  0  0  1  0  0/2    16:44   0:56   0:00 
Marc Staal               0  0  0  -2  0   2  0  2  0  0  0/0    24:35   0:57   2:17 
Matt Stajan              0  0  0  -1  0   0  1  0  0  2  4/10   14:38   0:00   2:00 
Nikolay Kulemin          0  0  0   1  0   3  1  1  0  0  1/5    19:14   1:03   0:33 
Patrice Bergeron         0  1  1   1  0   3  1  0  0  1  6/21   19:14   1:03   0:33 
Ryan McDonagh            1  0  1  -2  0   4  2  3  0  0  0/0    25:35   0:57   2:17 
Sean Monahan             0  0  0   0  0   3  1  0  0  1  7/9    18:37   0:56   1:25 
Tom Kuhnhackl            0  0  0   0  2   1  2  0  0  0  0/0    13:03   0:00   0:56 
Xavier Ouellet           0  0  0   1  0   3  1  0  0  0  0/0    20:25   1:02   1:41 
Zemgus Girgensons        0  1  1   0  0   0  0  0  0  0  4/5     8:06   0:00   0:00 

Players Stats for Oilers

Player Name              G  A  P  +/- PIM S  H  SB GA TA FO     MP     PP MP  PK MP  
------------------------------------------------------------------------------------
Aaron Ekblad             0  0  0   0  2   2  0  0  0  1  0/0    17:18   1:36   0:00 
Cameron Gaunce           0  0  0  -1  0   0  1  0  0  0  0/0     6:19   0:00   0:00 
Chris Kelly              0  0  0   0  0   0  0  0  0  0  0/0     1:37   0:06   0:00 
Connor McDavid           0  1  1   0  0   5  4  0  3  0  2/2    24:18   2:02   0:55 
Corey Perry              1  0  1   1  0   5  2  0  0  0  0/2    18:53   2:08   0:23 
Jordan Eberle            1  0  1   0  0   2  1  1  2  0  0/1    19:43   1:50   0:00 
Justin Abdelkader        0  1  1   0  0   2  4  0  0  0  1/1    19:43   1:50   0:00 
Kyle Quincey             0  0  0   0  0   0  0  2  0  1  0/0    17:48   1:36   0:57 
Marc-Edouard Vlasic      0  0  0   2  0   0  2  2  0  0  0/0    23:52   2:22   1:02 
Marco Scandella          0  0  0   0  0   1  0  0  0  0  0/0    12:07   0:00   0:00 
Mikael Backlund          0  1  1  -1  0   2  1  0  3  0  5/11   20:26   1:50   0:23 
Nico Hischier            0  1  1   1  0   1  0  0  0  0  1/4    13:59   0:00   0:00 
Pierre-Alexandre Parente 1  0  1   1  0   2  1  0  0  0  0/0    14:42   0:00   0:41 
Ryan Johansen            0  0  0   1  0   2  1  0  0  0  19/28  19:30   2:08   0:55 
Seth Jones               0  1  1   1  0   0  1  2  1  1  0/0    24:31   2:22   1:02 
Sonny Milano             0  0  0   1  0   1  0  2  0  0  0/0    13:59   0:00   0:00 
Tyler Motte              0  0  0  -1  0   2  0  0  1  0  0/0     7:13   0:00   0:41 
Vernon Fiddler           0  0  0  -1  0   2  1  0  0  0  2/3     6:30   0:00   0:00 
Vince Dunn               0  0  0  -1  0   0  0  0  0  0  0/0     6:54   0:00   0:35 
Zbynek Michalek          0  0  0   0  0   0  2  0  0  0  0/0    12:29   0:00   0:22 

3 Stars

1 - Corey Perry (EDM)
2 - Pierre-Alexandre Parenteau (EDM)
3 - Thomas Greiss (EDM)

Power Play

Bruins - 0 on 1 Attempt(s) - 0,00%
Oilers - 0 on 2 Attempt(s) - 0,00%

Penalty Kill

Bruins - 2 on 2 Attempt(s) - 100,00% - Score 0 goal in Penalty Kill
Oilers - 1 on 1 Attempt(s) - 100,00% - Score 0 goal in Penalty Kill

Team Stat

Bruins - Hits : 21 - Faceoff Wins : 22 - Blocked Shots : 11 - Penalty Minutes : 4
Oilers - Hits : 21 - Faceoff Wins : 30 - Blocked Shots : 9 - Penalty Minutes : 2

Official

Referees : Tom Kowal and Dave Jackson
Linesman : Mark Wheler and Bryan Pancich

Game Notes

No Game Note

Finance

Level 1 -- Attendance: 4613 (76,88%) -- Ticket Income 484 365 $
Level 2 -- Attendance: 3971 (79,42%) -- Ticket Income 258 115 $
Level 3 -- Attendance: 1496 (74,80%) -- Ticket Income 56 848 $
Level 4 -- Attendance: 3295 (82,38%) -- Ticket Income 75 785 $
Luxury Box -- Attendance: 819 (81,90%) -- Ticket Income 155 610 $
Game was played at the Edmonton Coliseum.
Total Attendance: 14194 (78,86%)
Total Ticket Income: 1 030 723 $
Other Income: 505 054 $
Total Income: 1 535 777 $

Bruins

5 vs 5 Forward 
   Center                   Left Wing                Right Wing               Time % Phy DF OF 
 1 Patrice Bergeron         Anthony Mantha           Nikolay Kulemin          40     0   2  3  
 2 Sean Monahan             Alex Killorn             Kyle Okposo              30     0   2  3  
 3 Matt Stajan              Tom Kuhnhackl            Alexander Burmistrov     20     0   3  2  
 4 Zemgus Girgensons        Derick Brassard          Jason Pominville         10     0   2  3  

5 vs 5 Defense 
   Defense                  Defense                                           Time % Phy DF OF 
 1 Marc Staal               Ryan McDonagh                                     40     1   2  2  
 2 Joel Edmundson           Xavier Ouellet                                    30     1   2  2  
 3 Jason Demers             Jakob Chychrun                                    20     1   2  2  
 4 Xavier Ouellet           Ryan McDonagh                                     10     1   2  2  

PowerPlay Forward 
   Center                   Left Wing                Right Wing               Time % Phy DF OF 
 1 Sean Monahan             Alex Killorn             Kyle Okposo              60     1   2  2  
 2 Patrice Bergeron         Anthony Mantha           Nikolay Kulemin          40     1   2  2  

PowerPlay Defense
   Defense                  Defense                                           Time % Phy DF OF 
 1 Marc Staal               Ryan McDonagh                                     60     1   2  2  
 2 Joel Edmundson           Xavier Ouellet                                    40     1   2  2  

Penalty Kill 4 Players Forward 
   Center                   Wing                     Time % Phy DF OF 
 1 Matt Stajan              Tom Kuhnhackl            60     0   3  2  
 2 Patrice Bergeron         Nikolay Kulemin          40     0   3  2  

Penalty Kill 4 Players Defense
   Defense                  Defense                  Time % Phy DF OF 
 1 Marc Staal               Ryan McDonagh            60     0   4  1  
 2 Joel Edmundson           Xavier Ouellet           40     0   4  1  

Penalty Kill - 3 Players Forward 
   Forward                                           Time % Phy DF OF 
 1 Matt Stajan                                       60     0   5  0  
 2 Alex Killorn                                      40     0   4  1  

Penalty Kill - 3 Players Defense
   Defense                  Defense                  Time % Phy DF OF 
 1 Marc Staal               Ryan McDonagh            60     1   2  2  
 2 Joel Edmundson           Xavier Ouellet           40     1   2  2  

4 vs 4 Forward 
   Center                   Wing                     Time % Phy DF OF 
 1 Patrice Bergeron         Kyle Okposo              60     1   2  2  
 2 Sean Monahan             Alex Killorn             40     1   2  2  

4 vs 4 Defense
   Defense                  Defense                  Time % Phy DF OF 
 1 Marc Staal               Ryan McDonagh            60     1   2  2  
 2 Joel Edmundson           Xavier Ouellet           40     1   2  2  

Last Minutes Offensive
   Center                   Left Wing                Right Wing               Defense                  Defense                  
   Sean Monahan             Derick Brassard          Kyle Okposo              Marc Staal               Ryan McDonagh            

Last Minutes Defensive
   Center                   Left Wing                Right Wing               Defense                  Defense                  
   Sean Monahan             Derick Brassard          Kyle Okposo              Marc Staal               Ryan McDonagh            

Goaltenders
Starting : Cam Talbot               
Backup : Juuse Saros              

Extra Forwards
Normal : Kyle Okposo, Nikolay Kulemin, Matt Stajan - PP : Anthony Mantha, Nikolay Kulemin - PK : Matt Stajan
Extra Defensemen
Normal : Xavier Ouellet, Jakob Chychrun, Joel Edmundson - PP : Xavier Ouellet - PK : Jakob Chychrun, Joel Edmundson
Penalty Shots
Kyle Okposo, Sean Monahan, Derick Brassard, Jason Pominville, Alex Killorn
Custom OT Lines Forwards
Kyle Okposo, Sean Monahan, Derick Brassard, Jason Pominville, Alex Killorn, Anthony Mantha, Nikolay Kulemin, Matt Stajan, Alexander Burmistrov, Zemgus Girgensons
Custom OT Lines Defensemen
Marc Staal, Ryan McDonagh, Joel Edmundson, Jakob Chychrun, Xavier Ouellet

Scratches
Brian Campbell (Healthy), David Desharnais (Healthy)

Oilers

5 vs 5 Forward 
   Center                   Left Wing                Right Wing               Time % Phy DF OF 
 1 Ryan Johansen            Connor McDavid           Corey Perry              40     1   2  2  
 2 Mikael Backlund          Justin Abdelkader        Jordan Eberle            30     1   2  2  
 3 Nico Hischier            Pierre-Alexandre ParenteaSonny Milano             20     1   2  2  
 4 Vernon Fiddler           Tyler Motte              Connor McDavid           10     1   2  2  

5 vs 5 Defense 
   Defense                  Defense                                           Time % Phy DF OF 
 1 Seth Jones               Marc-Edouard Vlasic                               40     1   2  2  
 2 Aaron Ekblad             Kyle Quincey                                      30     1   2  2  
 3 Marco Scandella          Zbynek Michalek                                   20     1   2  2  
 4 Vince Dunn               Cameron Gaunce                                    10     1   2  2  

PowerPlay Forward 
   Center                   Left Wing                Right Wing               Time % Phy DF OF 
 1 Ryan Johansen            Connor McDavid           Corey Perry              60     1   2  2  
 2 Mikael Backlund          Justin Abdelkader        Jordan Eberle            40     1   2  2  

PowerPlay Defense
   Defense                  Defense                                           Time % Phy DF OF 
 1 Seth Jones               Marc-Edouard Vlasic                               60     1   2  2  
 2 Aaron Ekblad             Kyle Quincey                                      40     1   2  2  

Penalty Kill 4 Players Forward 
   Center                   Wing                     Time % Phy DF OF 
 1 Connor McDavid           Ryan Johansen            60     1   2  2  
 2 Mikael Backlund          Corey Perry              40     1   2  2  

Penalty Kill 4 Players Defense
   Defense                  Defense                  Time % Phy DF OF 
 1 Seth Jones               Marc-Edouard Vlasic      60     1   2  2  
 2 Aaron Ekblad             Kyle Quincey             40     1   2  2  

Penalty Kill - 3 Players Forward 
   Forward                                           Time % Phy DF OF 
 1 Connor McDavid                                    60     1   2  2  
 2 Ryan Johansen                                     40     1   2  2  

Penalty Kill - 3 Players Defense
   Defense                  Defense                  Time % Phy DF OF 
 1 Seth Jones               Marc-Edouard Vlasic      60     1   2  2  
 2 Aaron Ekblad             Kyle Quincey             40     1   2  2  

4 vs 4 Forward 
   Center                   Wing                     Time % Phy DF OF 
 1 Connor McDavid           Ryan Johansen            60     1   2  2  
 2 Mikael Backlund          Corey Perry              40     1   2  2  

4 vs 4 Defense
   Defense                  Defense                  Time % Phy DF OF 
 1 Seth Jones               Marc-Edouard Vlasic      60     1   2  2  
 2 Aaron Ekblad             Kyle Quincey             40     1   2  2  

Last Minutes Offensive
   Center                   Left Wing                Right Wing               Defense                  Defense                  
   Ryan Johansen            Connor McDavid           Corey Perry              Seth Jones               Marc-Edouard Vlasic      

Last Minutes Defensive
   Center                   Left Wing                Right Wing               Defense                  Defense                  
   Ryan Johansen            Connor McDavid           Corey Perry              Seth Jones               Marc-Edouard Vlasic      

Goaltenders
Starting : Thomas Greiss            
Backup : Antti Niemi              

Extra Forwards
Normal : Chris Kelly, Nico Hischier, Pierre-Alexandre Parenteau - PP : Chris Kelly, Nico Hischier - PK : Pierre-Alexandre Parenteau
Extra Defensemen
Normal : Marco Scandella, Zbynek Michalek, Vince Dunn - PP : Marco Scandella - PK : Zbynek Michalek, Vince Dunn
Penalty Shots
Connor McDavid, Ryan Johansen, Mikael Backlund, Corey Perry, Jordan Eberle
Custom OT Lines Forwards
Connor McDavid, Ryan Johansen, Mikael Backlund, Corey Perry, Jordan Eberle, Justin Abdelkader, Nico Hischier, Pierre-Alexandre Parenteau, Vernon Fiddler, Sonny Milano
Custom OT Lines Defensemen
Seth Jones, Marc-Edouard Vlasic, Aaron Ekblad, Kyle Quincey, Marco Scandella

Scratches
Zach Palmquist (Healthy)

% Time on Ice - Bruins

Lines # - Real PCT - Wanted PCT - Time Play
Normal Forward
1 - 34% - 40% - 18:23
2 - 28% - 30% - 14:56
3 - 23% - 20% - 12:08
4 - 15% - 10% - 8:06
Normal Defense
1 - 37% - 40% - 20:02
2 - 31% - 30% - 16:51
3 - 28% - 20% - 14:46
4 - 4% - 10% - 1:54
PP Forward
1 - 47% - 60% - 0:56
2 - 53% - 40% - 1:03
PP Defense
1 - 48% - 60% - 0:57
2 - 52% - 40% - 1:02
PK Forward
1 - 86% - 60% - 3:25
2 - 14% - 40% - 0:33
PK Defense
1 - 58% - 60% - 2:17
2 - 42% - 40% - 1:41
PK3 Forward
1 - 0% - 60%
2 - 0% - 40%
PK3 Defense
1 - 0% - 60%
2 - 0% - 40%
44 Forward
1 - 0% - 60%
2 - 0% - 40%
44 Defense
1 - 0% - 60%
2 - 0% - 40%
Last Minute Offensive  - 0:00
Last Minute Defensive  - 0:30
Total
Forward - 60:00
Defense - 60:00

% Time on Ice - Oilers

Lines # - Real PCT - Wanted PCT - Time Play
Normal Forward
1 - 29% - 40% - 15:24
2 - 33% - 30% - 17:39
3 - 26% - 20% - 13:59
4 - 12% - 10% - 6:30
Normal Defense
1 - 37% - 40% - 19:51
2 - 28% - 30% - 15:15
3 - 23% - 20% - 12:07
4 - 12% - 10% - 6:19
PP Forward
1 - 54% - 60% - 2:08
2 - 46% - 40% - 1:50
PP Defense
1 - 60% - 60% - 2:22
2 - 40% - 40% - 1:36
PK Forward
1 - 81% - 60% - 1:36
2 - 19% - 40% - 0:23
PK Defense
1 - 52% - 60% - 1:02
2 - 48% - 40% - 0:57
PK3 Forward
1 - 0% - 60%
2 - 0% - 40%
PK3 Defense
1 - 0% - 60%
2 - 0% - 40%
44 Forward
1 - 0% - 60%
2 - 0% - 40%
44 Defense
1 - 0% - 60%
2 - 0% - 40%
Last Minute Offensive  - 0:31
Last Minute Defensive  - 0:00
Total
Forward - 60:00
Defense - 60:00

Play by Play

1st period


0:01 of 1st period - Ryan Johansen wins face-off versus Patrice Bergeron in neutral zone.
0:14 of 1st period - Wrist shot by Corey Perry.
0:14 of 1st period - Shot Misses the Net.
0:32 of 1st period - Snap shot by Alex Killorn.
0:32 of 1st period - Stopped by Thomas Greiss without a rebound.
0:33 of 1st period - Mikael Backlund wins face-off versus Matt Stajan in Oilers zone.
0:55 of 1st period - Icing by Justin Abdelkader.
0:56 of 1st period - Zemgus Girgensons wins face-off versus Jordan Eberle in Oilers zone.
1:28 of 1st period - Snap shot by Nico Hischier.
1:28 of 1st period - Deflect By Pierre-Alexandre Parenteau.
1:28 of 1st period - Stopped by Cam Talbot without a rebound.
1:29 of 1st period - Zemgus Girgensons wins face-off versus Ryan Johansen in Bruins zone.
1:46 of 1st period - Snap shot by Corey Perry.
1:46 of 1st period - Shot Blocked by Ryan McDonagh.
2:08 of 1st period - Wrist shot by Nico Hischier.
2:08 of 1st period - Shot Misses the Net.
2:31 of 1st period - Wrist shot by Sean Monahan.
2:31 of 1st period - Stopped by Thomas Greiss with a rebound.
3:05 of 1st period - Wrist shot by Ryan Johansen.
3:05 of 1st period - Deflect By Corey Perry.
3:05 of 1st period - Shot Misses the Net.
3:05 of 1st period - Puck is out of play.
3:06 of 1st period - Ryan Johansen wins face-off versus Patrice Bergeron in Bruins zone.
3:49 of 1st period - Mikael Backlund is hit by Xavier Ouellet.
4:05 of 1st period - Icing by Tom Kuhnhackl.
4:06 of 1st period - Ryan Johansen wins face-off versus Matt Stajan in Bruins zone.
4:21 of 1st period - Tom Kuhnhackl is hit by Corey Perry and loses puck.
5:03 of 1st period - Off-side.
5:04 of 1st period - Patrice Bergeron wins face-off versus Ryan Johansen in neutral zone.
5:06 of 1st period - Off-side.
5:07 of 1st period - Patrice Bergeron wins face-off versus Ryan Johansen in neutral zone.
5:47 of 1st period - Wrist shot by Alex Killorn.
5:47 of 1st period - Deflect By Kyle Okposo.
5:47 of 1st period - Shot Misses the Net.
5:47 of 1st period - Puck is out of play.
5:48 of 1st period - Zemgus Girgensons wins face-off versus Ryan Johansen in Oilers zone.
6:31 of 1st period - Jordan Eberle is hit by Jakob Chychrun.
6:55 of 1st period - Icing by Jakob Chychrun.
6:56 of 1st period - Zemgus Girgensons wins face-off versus Vernon Fiddler in Bruins zone.
7:05 of 1st period - Snap shot by Derick Brassard.
7:05 of 1st period - Goal by Derick Brassard - Bruins : 1 - Oilers : 0.
7:06 of 1st period - Ryan Johansen wins face-off versus Patrice Bergeron in neutral zone.
7:09 of 1st period - Wrist shot by Corey Perry.
7:09 of 1st period - Shot Blocked by Nikolay Kulemin.
8:02 of 1st period - Slapshot by Tom Kuhnhackl.
8:02 of 1st period - Stopped by Thomas Greiss without a rebound.
8:03 of 1st period - Patrice Bergeron wins face-off versus Ryan Johansen in Oilers zone.
8:04 of 1st period - Snap shot by Nikolay Kulemin.
8:04 of 1st period - Stopped by Thomas Greiss without a rebound.
8:05 of 1st period - Ryan Johansen wins face-off versus Patrice Bergeron in Oilers zone.
8:05 of 1st period - Ryan Johansen is hit by Joel Edmundson.
8:59 of 1st period - Wrist shot by Jason Pominville.
8:59 of 1st period - Stopped by Thomas Greiss with a rebound.
9:01 of 1st period - Slapshot by Zemgus Girgensons.
9:01 of 1st period - Shot Misses the Net.
9:03 of 1st period - Backhand shot by Ryan McDonagh.
9:03 of 1st period - Shot Hit the Post.
9:05 of 1st period - Slapshot by Ryan McDonagh.
9:05 of 1st period - Deflect By Jason Pominville.
9:05 of 1st period - Shot Misses the Net.
9:05 of 1st period - Puck is out of play.
9:06 of 1st period - Patrice Bergeron wins face-off versus Corey Perry in Oilers zone.
9:19 of 1st period - Wrist shot by Anthony Mantha.
9:19 of 1st period - Shot Blocked by Kyle Quincey.
9:21 of 1st period - Slapshot by Ryan McDonagh.
9:21 of 1st period - Stopped by Thomas Greiss with a rebound.
9:31 of 1st period - Marc Staal is hit by Justin Abdelkader and loses puck.
12:09 of 1st period - Justin Abdelkader is hit by Jakob Chychrun and loses puck.
12:14 of 1st period - Slapshot by Ryan McDonagh.
12:14 of 1st period - Shot Misses the Net.
12:30 of 1st period - Connor McDavid is hit by Ryan McDonagh and loses puck.
12:45 of 1st period - Seth Jones is hit by Jason Demers and loses puck.
13:11 of 1st period - Wrist shot by Derick Brassard.
13:11 of 1st period - Shot Blocked by Sonny Milano.
13:38 of 1st period - Connor McDavid is hit by Tom Kuhnhackl and loses puck.
13:53 of 1st period - Mikael Backlund is hit by Nikolay Kulemin and loses puck.
14:12 of 1st period - Pierre-Alexandre Parenteau is hit by Joel Edmundson and loses puck.
14:35 of 1st period - Marc-Edouard Vlasic is hit by Ryan McDonagh.
15:06 of 1st period - Connor McDavid is hit by Anthony Mantha and loses puck.
15:15 of 1st period - Kyle Quincey is hit by Jakob Chychrun and loses puck.
15:28 of 1st period - Corey Perry is hit by Joel Edmundson.
15:52 of 1st period - Slapshot by Corey Perry.
15:52 of 1st period - Shot Misses the Net.
16:02 of 1st period - Snap shot by Corey Perry.
16:02 of 1st period - Shot Hit the Post.
16:10 of 1st period - Slapshot by Connor McDavid.
16:10 of 1st period - Shot Misses the Net.
16:14 of 1st period - Snap shot by Connor McDavid.
16:14 of 1st period - Shot Misses the Net.
16:16 of 1st period - Slapshot by Marco Scandella.
16:16 of 1st period - Shot Misses the Net.
16:18 of 1st period - Snap shot by Connor McDavid.
16:18 of 1st period - Shot Misses the Net.
16:20 of 1st period - Snap shot by Connor McDavid.
16:20 of 1st period - Stopped by Cam Talbot without a rebound.
16:21 of 1st period - Nikolay Kulemin wins face-off versus Mikael Backlund in Bruins zone.
16:48 of 1st period - Seth Jones is hit by Matt Stajan and loses puck.
17:35 of 1st period - Icing by Vernon Fiddler.
17:36 of 1st period - Vernon Fiddler wins face-off versus Patrice Bergeron in Oilers zone.
17:43 of 1st period - Snap shot by Tyler Motte.
17:43 of 1st period - Stopped by Cam Talbot with a rebound.
17:45 of 1st period - Slapshot by Marco Scandella.
17:45 of 1st period - Stopped by Cam Talbot with a rebound.
17:47 of 1st period - Slapshot by Vernon Fiddler.
17:47 of 1st period - Stopped by Cam Talbot without a rebound.
17:48 of 1st period - Mikael Backlund wins face-off versus Patrice Bergeron in Bruins zone.
17:57 of 1st period - Wrist shot by Jordan Eberle.
17:57 of 1st period - Deflect By Mikael Backlund.
17:57 of 1st period - Stopped by Cam Talbot with a rebound.
18:03 of 1st period - Wrist shot by Patrice Bergeron.
18:03 of 1st period - Shot Blocked by Marc-Edouard Vlasic.
18:10 of 1st period - Icing by Justin Abdelkader.
18:11 of 1st period - Sean Monahan wins face-off versus Nico Hischier in Oilers zone.
18:14 of 1st period - Slapshot by Kyle Okposo.
18:14 of 1st period - Stopped by Thomas Greiss without a rebound.
18:15 of 1st period - Sean Monahan wins face-off versus Nico Hischier in Oilers zone.
18:48 of 1st period - Snap shot by Nikolay Kulemin.
18:48 of 1st period - Stopped by Thomas Greiss without a rebound.
18:49 of 1st period - Ryan Johansen wins face-off versus Patrice Bergeron in Oilers zone.
19:14 of 1st period - Justin Abdelkader is hit by Alex Killorn and loses puck.
Goals for this period are 1 for Bruins vs 0 for Oilers.
Shots for this period are 9 for Bruins vs 6 for Oilers.

2nd period


0:01 of 2nd period - Ryan Johansen wins face-off versus Patrice Bergeron in neutral zone.
0:31 of 2nd period - Snap shot by Kyle Okposo.
0:31 of 2nd period - Shot Misses the Net.
0:33 of 2nd period - Snap shot by Alex Killorn.
0:33 of 2nd period - Shot Misses the Net.
0:35 of 2nd period - Slapshot by Xavier Ouellet.
0:35 of 2nd period - Stopped by Thomas Greiss with a rebound.
1:13 of 2nd period - Wrist shot by Derick Brassard.
1:13 of 2nd period - Shot Misses the Net.
1:15 of 2nd period - Snap shot by Jakob Chychrun.
1:15 of 2nd period - Stopped by Thomas Greiss with a rebound.
1:35 of 2nd period - Snap shot by Jordan Eberle.
1:35 of 2nd period - Stopped by Cam Talbot with a rebound.
2:13 of 2nd period - Slapshot by Sonny Milano.
2:13 of 2nd period - Stopped by Cam Talbot with a rebound.
2:15 of 2nd period - Slapshot by Nico Hischier.
2:15 of 2nd period - Shot Blocked by Ryan McDonagh.
2:35 of 2nd period - Wrist shot by Mikael Backlund.
2:35 of 2nd period - Stopped by Cam Talbot with a rebound.
2:37 of 2nd period - Slapshot by Marc-Edouard Vlasic.
2:37 of 2nd period - Shot Misses the Net.
2:49 of 2nd period - Anthony Mantha is hit by Connor McDavid and loses puck.
3:06 of 2nd period - Kyle Okposo is hit by Zbynek Michalek and loses puck.
3:24 of 2nd period - Pierre-Alexandre Parenteau is hit by Tom Kuhnhackl and loses puck.
3:41 of 2nd period - Jakob Chychrun is hit by Cameron Gaunce and loses puck.
3:46 of 2nd period - Wrist shot by Jordan Eberle.
3:46 of 2nd period - Deflect By Justin Abdelkader.
3:46 of 2nd period - Stopped by Cam Talbot without a rebound.
3:47 of 2nd period - Mikael Backlund wins face-off versus Patrice Bergeron in Bruins zone.
4:14 of 2nd period - Slapshot by Justin Abdelkader.
4:14 of 2nd period - Stopped by Cam Talbot with a rebound.
4:16 of 2nd period - Snap shot by Ryan Johansen.
4:16 of 2nd period - Shot Misses the Net.
4:22 of 2nd period - Snap shot by Ryan Johansen.
4:22 of 2nd period - Shot Hit the Post.
4:26 of 2nd period - Snap shot by Connor McDavid.
4:26 of 2nd period - Deflect By Corey Perry.
4:26 of 2nd period - Stopped by Cam Talbot without a rebound.
4:27 of 2nd period - Ryan Johansen wins face-off versus Patrice Bergeron in Bruins zone.
4:28 of 2nd period - Slapshot by Connor McDavid.
4:28 of 2nd period - Stopped by Cam Talbot with a rebound.
5:01 of 2nd period - Wrist shot by Kyle Okposo.
5:01 of 2nd period - Stopped by Thomas Greiss without a rebound.
5:02 of 2nd period - Patrice Bergeron wins face-off versus Mikael Backlund in Oilers zone.
5:30 of 2nd period - Off-side.
5:31 of 2nd period - Sean Monahan wins face-off versus Ryan Johansen in neutral zone.
5:38 of 2nd period - Slapshot by Kyle Okposo.
5:38 of 2nd period - Stopped by Thomas Greiss without a rebound.
5:39 of 2nd period - Ryan Johansen wins face-off versus Nikolay Kulemin in Oilers zone.
5:41 of 2nd period - Icing by Connor McDavid.
5:42 of 2nd period - Ryan Johansen wins face-off versus Nikolay Kulemin in Oilers zone.
5:49 of 2nd period - Snap shot by Corey Perry.
5:49 of 2nd period - Stopped by Cam Talbot without a rebound.
5:50 of 2nd period - Ryan Johansen wins face-off versus Patrice Bergeron in Bruins zone.
5:59 of 2nd period - Snap shot by Anthony Mantha.
5:59 of 2nd period - Shot Misses the Net.
6:07 of 2nd period - Snap shot by Corey Perry.
6:07 of 2nd period - Stopped by Cam Talbot with a rebound.
6:17 of 2nd period - Slapshot by Ryan McDonagh.
6:17 of 2nd period - Stopped by Thomas Greiss without a rebound.
6:18 of 2nd period - Sean Monahan wins face-off versus Mikael Backlund in Oilers zone.
6:19 of 2nd period - Snap shot by Kyle Okposo.
6:19 of 2nd period - Stopped by Thomas Greiss with a rebound.
6:25 of 2nd period - Wrist shot by Sean Monahan.
6:25 of 2nd period - Shot Blocked by Kyle Quincey.
6:27 of 2nd period - Slapshot by Xavier Ouellet.
6:27 of 2nd period - Stopped by Thomas Greiss with a rebound.
6:29 of 2nd period - Snap shot by Xavier Ouellet.
6:29 of 2nd period - Stopped by Thomas Greiss with a rebound.
6:39 of 2nd period - Minor Penalty to Aaron Ekblad for Slashing.
6:40 of 2nd period - Connor McDavid wins face-off versus Sean Monahan in Oilers zone.
7:45 of 2nd period - Slapshot by Tyler Motte.
7:45 of 2nd period - Shot Misses the Net.
8:31 of 2nd period - Joel Edmundson is hit by Marc-Edouard Vlasic and loses puck.
8:39 of 2nd period - Penalty to Aaron Ekblad is over, Aaron Ekblad is back on ice.
9:30 of 2nd period - Ryan McDonagh is hit by Zbynek Michalek and loses puck.
10:10 of 2nd period - Jason Pominville is hit by Connor McDavid and loses puck.
10:49 of 2nd period - Minor Penalty to Tom Kuhnhackl for Hooking.
10:50 of 2nd period - Matt Stajan wins face-off versus Ryan Johansen in Bruins zone.
11:33 of 2nd period - Connor McDavid is hit by Sean Monahan and loses puck.
12:49 of 2nd period - Penalty to Tom Kuhnhackl is over, Tom Kuhnhackl is back on ice.
12:54 of 2nd period - Snap shot by Kyle Okposo.
12:54 of 2nd period - Deflect By Patrice Bergeron.
12:54 of 2nd period - Shot Misses the Net.
12:54 of 2nd period - Puck is out of play.
12:55 of 2nd period - Nico Hischier wins face-off versus Patrice Bergeron in Oilers zone.
13:20 of 2nd period - Jakob Chychrun is hit by Vernon Fiddler and loses puck.
14:59 of 2nd period - Slapshot by Seth Jones.
14:59 of 2nd period - Shot Blocked by Jason Demers.
15:17 of 2nd period - Snap shot by Alexander Burmistrov.
15:17 of 2nd period - Stopped by Thomas Greiss with a rebound.
15:19 of 2nd period - Slapshot by Tom Kuhnhackl.
15:19 of 2nd period - Shot Misses the Net.
15:21 of 2nd period - Snap shot by Alexander Burmistrov.
15:21 of 2nd period - Stopped by Thomas Greiss without a rebound.
15:22 of 2nd period - Mikael Backlund wins face-off versus Nikolay Kulemin in Oilers zone.
16:08 of 2nd period - Jakob Chychrun is hit by Connor McDavid and loses puck.
16:13 of 2nd period - Snap shot by Connor McDavid.
16:13 of 2nd period - Deflect By Jason Demers.
16:13 of 2nd period - Stopped by Cam Talbot without a rebound.
16:14 of 2nd period - Ryan Johansen wins face-off versus Patrice Bergeron in Bruins zone.
16:30 of 2nd period - Off-side.
16:31 of 2nd period - Sean Monahan wins face-off versus Mikael Backlund in neutral zone.
16:38 of 2nd period - Snap shot by Sean Monahan.
16:38 of 2nd period - Stopped by Thomas Greiss with a rebound.
16:40 of 2nd period - Slapshot by Sean Monahan.
16:40 of 2nd period - Shot Blocked by Seth Jones.
16:42 of 2nd period - Slapshot by Marc Staal.
16:42 of 2nd period - Deflect By Marc-Edouard Vlasic.
16:42 of 2nd period - Stopped by Thomas Greiss with a rebound.
17:03 of 2nd period - Wrist shot by Anthony Mantha.
17:03 of 2nd period - Stopped by Thomas Greiss with a rebound.
17:23 of 2nd period - Nico Hischier is hit by Joel Edmundson and loses puck.
17:58 of 2nd period - Slapshot by Aaron Ekblad.
17:58 of 2nd period - Stopped by Cam Talbot with a rebound.
18:36 of 2nd period - Icing by Corey Perry.
18:37 of 2nd period - Ryan Johansen wins face-off versus Matt Stajan in Oilers zone.
19:06 of 2nd period - Snap shot by Patrice Bergeron.
19:06 of 2nd period - Stopped by Thomas Greiss with a rebound.
19:22 of 2nd period - Alex Killorn is hit by Ryan Johansen and loses puck.
19:40 of 2nd period - Off-side.
19:41 of 2nd period - Mikael Backlund wins face-off versus Zemgus Girgensons in neutral zone.
19:54 of 2nd period - Snap shot by Mikael Backlund.
19:54 of 2nd period - Shot Blocked by Derick Brassard.
Goals for this period are 0 for Bruins vs 0 for Oilers.
Shots for this period are 14 for Bruins vs 11 for Oilers.

3rd period


0:01 of 3rd period - Ryan Johansen wins face-off versus Patrice Bergeron in neutral zone.
0:20 of 3rd period - Anthony Mantha is hit by Corey Perry and loses puck.
0:57 of 3rd period - Wrist shot by Jordan Eberle.
0:57 of 3rd period - Shot Misses the Net.
1:03 of 3rd period - Wrist shot by Anthony Mantha.
1:03 of 3rd period - Shot Blocked by Seth Jones.
1:05 of 3rd period - Slapshot by Marc Staal.
1:05 of 3rd period - Shot Blocked by Marc-Edouard Vlasic.
1:07 of 3rd period - Snap shot by Patrice Bergeron.
1:07 of 3rd period - Shot Misses the Net.
1:09 of 3rd period - Slapshot by Nikolay Kulemin.
1:09 of 3rd period - Deflect By Jordan Eberle.
1:09 of 3rd period - Stopped by Thomas Greiss with a rebound.
1:11 of 3rd period - Slapshot by Marc Staal.
1:11 of 3rd period - Shot Misses the Net.
1:13 of 3rd period - Slapshot by Marc Staal.
1:13 of 3rd period - Deflect By Justin Abdelkader.
1:13 of 3rd period - Stopped by Thomas Greiss with a rebound.
1:25 of 3rd period - Wrist shot by Patrice Bergeron.
1:25 of 3rd period - Deflect By Anthony Mantha.
1:25 of 3rd period - Shot Blocked by Jordan Eberle.
1:25 of 3rd period - Puck is out of play.
1:26 of 3rd period - Sean Monahan wins face-off versus Ryan Johansen in Oilers zone.
1:29 of 3rd period - Snap shot by Kyle Okposo.
1:29 of 3rd period - Shot Misses the Net.
1:35 of 3rd period - Wrist shot by Ryan Johansen.
1:35 of 3rd period - Stopped by Cam Talbot with a rebound.
1:37 of 3rd period - Snap shot by Ryan Johansen.
1:37 of 3rd period - Stopped by Cam Talbot without a rebound.
1:38 of 3rd period - Ryan Johansen wins face-off versus Kyle Okposo in Bruins zone.
2:27 of 3rd period - Wrist shot by Nico Hischier.
2:27 of 3rd period - Stopped by Cam Talbot with a rebound.
3:13 of 3rd period - Jakob Chychrun is hit by Justin Abdelkader and loses puck.
3:54 of 3rd period - Alexander Burmistrov is hit by Marc-Edouard Vlasic and loses puck.
5:12 of 3rd period - Snap shot by Alexander Burmistrov.
5:12 of 3rd period - Stopped by Thomas Greiss without a rebound.
5:13 of 3rd period - Matt Stajan wins face-off versus Mikael Backlund in Oilers zone.
5:38 of 3rd period - Ryan McDonagh is hit by Pierre-Alexandre Parenteau and loses puck.
6:59 of 3rd period - Snap shot by Tyler Motte.
6:59 of 3rd period - Shot Misses the Net.
7:05 of 3rd period - Wrist shot by Tyler Motte.
7:05 of 3rd period - Stopped by Cam Talbot without a rebound.
7:06 of 3rd period - Sean Monahan wins face-off versus Mikael Backlund in Bruins zone.
7:06 of 3rd period - Kyle Okposo is hit by Jordan Eberle and loses puck.
7:13 of 3rd period - Snap shot by Mikael Backlund.
7:13 of 3rd period - Shot Misses the Net.
7:15 of 3rd period - Wrist shot by Jordan Eberle.
7:15 of 3rd period - Shot Blocked by Alex Killorn.
7:27 of 3rd period - Minor Penalty to Joel Edmundson for Hooking.
7:28 of 3rd period - Matt Stajan wins face-off versus Corey Perry in Bruins zone.
8:30 of 3rd period - Jordan Eberle is hit by Derick Brassard and loses puck.
9:27 of 3rd period - Penalty to Joel Edmundson is over, Joel Edmundson is back on ice.
10:24 of 3rd period - Nikolay Kulemin is hit by Connor McDavid and loses puck.
10:32 of 3rd period - Icing by Ryan McDonagh.
10:33 of 3rd period - Matt Stajan wins face-off versus Nico Hischier in Bruins zone.
10:42 of 3rd period - Slapshot by Ryan McDonagh.
10:42 of 3rd period - Stopped by Thomas Greiss with a rebound.
10:58 of 3rd period - Jason Demers is hit by Mikael Backlund and loses puck.
14:12 of 3rd period - Snap shot by Pierre-Alexandre Parenteau.
14:12 of 3rd period - Goal by Pierre-Alexandre Parenteau - Bruins : 1 - Oilers : 1.
14:13 of 3rd period - Patrice Bergeron wins face-off versus Ryan Johansen in neutral zone.
14:48 of 3rd period - Slapshot by Anthony Mantha.
14:48 of 3rd period - Stopped by Thomas Greiss without a rebound.
14:49 of 3rd period - Connor McDavid wins face-off versus Kyle Okposo in Oilers zone.
15:00 of 3rd period - Wrist shot by Corey Perry.
15:00 of 3rd period - Shot Misses the Net.
15:02 of 3rd period - Slapshot by Seth Jones.
15:02 of 3rd period - Shot Misses the Net.
15:04 of 3rd period - Slapshot by Marc-Edouard Vlasic.
15:04 of 3rd period - Shot Misses the Net.
15:16 of 3rd period - Matt Stajan is hit by Justin Abdelkader and loses puck.
15:21 of 3rd period - Wrist shot by Mikael Backlund.
15:21 of 3rd period - Shot Blocked by Jakob Chychrun.
15:23 of 3rd period - Slapshot by Aaron Ekblad.
15:23 of 3rd period - Stopped by Cam Talbot without a rebound.
15:24 of 3rd period - Justin Abdelkader wins face-off versus Patrice Bergeron in Bruins zone.
15:35 of 3rd period - Snap shot by Patrice Bergeron.
15:35 of 3rd period - Stopped by Thomas Greiss with a rebound.
15:37 of 3rd period - Snap shot by Patrice Bergeron.
15:37 of 3rd period - Stopped by Thomas Greiss with a rebound.
15:39 of 3rd period - Slapshot by Ryan McDonagh.
15:39 of 3rd period - Goal by Ryan McDonagh - Bruins : 2 - Oilers : 1.
15:40 of 3rd period - Ryan Johansen wins face-off versus Nikolay Kulemin in neutral zone.
16:10 of 3rd period - Tom Kuhnhackl is hit by Justin Abdelkader and loses puck.
16:19 of 3rd period - Marc Staal is hit by Seth Jones and loses puck.
17:45 of 3rd period - Wrist shot by Alex Killorn.
17:45 of 3rd period - Stopped by Thomas Greiss with a rebound.
17:47 of 3rd period - Slapshot by Jakob Chychrun.
17:47 of 3rd period - Shot Blocked by Sonny Milano.
18:08 of 3rd period - Nico Hischier is hit by Patrice Bergeron and loses puck.
18:43 of 3rd period - Wrist shot by Vernon Fiddler.
18:43 of 3rd period - Shot Blocked by Ryan McDonagh.
18:45 of 3rd period - Wrist shot by Vernon Fiddler.
18:45 of 3rd period - Stopped by Cam Talbot with a rebound.
18:52 of 3rd period - Icing by Ryan McDonagh.
18:53 of 3rd period - Ryan Johansen wins face-off versus Matt Stajan in Bruins zone.
18:54 of 3rd period - Snap shot by Connor McDavid.
18:54 of 3rd period - Stopped by Cam Talbot with a rebound.
18:56 of 3rd period - Wrist shot by Seth Jones.
18:56 of 3rd period - Shot Misses the Net.
18:58 of 3rd period - Snap shot by Connor McDavid.
18:58 of 3rd period - Shot Misses the Net.
19:00 of 3rd period - Oilers, Thomas Greiss is pulled from the net.
19:00 of 3rd period - Snap shot by Corey Perry.
19:00 of 3rd period - Stopped by Cam Talbot with a rebound.
19:02 of 3rd period - Snap shot by Connor McDavid.
19:02 of 3rd period - Stopped by Cam Talbot without a rebound.
19:03 of 3rd period - Jon Cooper call a timeout for Oilers.
19:03 of 3rd period - Ryan Johansen wins face-off versus Matt Stajan in Bruins zone.
19:11 of 3rd period - Wrist shot by Seth Jones.
19:11 of 3rd period - Shot Blocked by Marc Staal.
19:13 of 3rd period - Snap shot by Corey Perry.
19:13 of 3rd period - Shot Blocked by Derick Brassard.
19:15 of 3rd period - Snap shot by Connor McDavid.
19:15 of 3rd period - Shot Misses the Net.
19:19 of 3rd period - Snap shot by Corey Perry.
19:19 of 3rd period - Goal by Corey Perry - Bruins : 2 - Oilers : 2.
19:19 of 3rd period - Thomas Greiss from Oilers was sent back in the game.
19:20 of 3rd period - Vernon Fiddler wins face-off versus Matt Stajan in neutral zone.
19:47 of 3rd period - Connor McDavid is hit by Alex Killorn and loses puck.
19:56 of 3rd period - Wrist shot by Sean Monahan.
19:56 of 3rd period - Stopped by Thomas Greiss with a rebound.
Goals for this period are 1 for Bruins vs 2 for Oilers.
Shots for this period are 10 for Bruins vs 11 for Oilers.

Overtime #1


0:01 of 1st overtime period - Ryan Johansen wins face-off versus Sean Monahan in neutral zone.
0:12 of 1st overtime period - Backhand shot by Ryan Johansen.
0:12 of 1st overtime period - Shot Misses the Net.
0:16 of 1st overtime period - Snap shot by Ryan Johansen.
0:16 of 1st overtime period - Shot Blocked by Marc Staal.
1:17 of 1st overtime period - Slapshot by Jordan Eberle.
1:17 of 1st overtime period - Goal by Jordan Eberle - Bruins : 2 - Oilers : 3.
Goals for this period are 0 for Bruins vs 1 for Oilers.
Shots for this period are 0 for Bruins vs 1 for Oilers.